 Dungeon Crawl Stone Soup version 0.30-a0-883-g5ad918d77d (webtiles) character file.

Game seed: 708587154333048599

798 Iich the Cleaver (level 7, 0/57 HPs)
             Began as a Demonspawn Fighter on Mar 16, 2023.
             Slain by a killer bee zombie (3 damage)
             ... in an ossuary.
             The game lasted 00:07:26 (3055 turns).

Iich the Cleaver (Demonspawn Fighter)               Turns: 3055, Time: 00:07:27

Health: 0/57       AC: 10    Str: 15    XL:     7   Next: 58%
Magic:  16/16      EV:  8    Int: 13    God:
Gold:   174        SH:  4    Dex: 14    Spells: 6/6 levels left

rFire   . . .      SeeInvis .    a - +0 war axe
rCold   . . .      Faith    .    c - +0 buckler
rNeg    + . .      Spirit   .    b - +0 scale mail
rPois   .          Reflect  .    B - +0 helmet
rElec   .          Rampage  .    j - +0 cloak
rCorr   .                        y - +0 pair of gloves
Will    .....                    (no boots) Stlth
                                 s - amulet of magic regeneration
HPRegen 0.29/turn                h - ring of magical power
MPRegen 0.55/turn                N - ring of positive energy

@: mighty, flying, studying Axes
A: powered by pain 2, demonic magic 1, weakness stinger 1, talons 1, clever 1
a: no special abilities


You were in an ossuary.
You visited 1 branch of the dungeon, and saw 4 of its levels.
You also visited: Ossuary.

You collected 174 gold pieces.

Inventory:

Hand Weapons
 a - a +0 war axe (weapon)
Armour
 b - a +0 scale mail (worn)
 c - a +0 buckler (worn)
 j - a +0 cloak (worn)
 y - a +0 pair of gloves (worn)
 B - a +0 helmet (worn)
Jewellery
 h - a ring of magical power (left hand)
 n - a ring of fire
 s - an amulet of magic regeneration (around neck)
 N - a ring of positive energy (right hand)
Scrolls
 f - a scroll of butterflies
 g - a scroll of amnesia {unknown}
 i - 3 scrolls of identify
 o - a scroll of magic mapping {unknown}
 r - a scroll of fear {unknown}
 t - 3 scrolls of teleportation
 u - a scroll of poison
 v - a scroll of blinking {unknown}
 x - a scroll of vulnerability {unknown}
Potions
 d - a potion of might
 l - a potion of magic {unknown}
 m - a potion of invisibility
 p - a potion of cancellation {unknown}
 w - a potion of heal wounds {unknown}
 z - a potion of mutation
 A - a potion of resistance {unknown}


   Skills:
 + Level 5.7 Fighting
 * Level 8.8 Axes
 - Level 2.6 Armour
 - Level 2.6 Shields


You had 6 spell levels left.
You didn't know any spells.
Your spell library contained the following spells:

 Spells                   Type           Power      Damage    Failure   Level
 Slow                     Hex            0%         N/A       85%         1
 Confusing Touch          Hex            0%         N/A       99%         3
 Ozocubu's Armour         Ice            0%         N/A       99%         3
 Vampiric Draining        Necr           0%         2d6       99%         3
 Ozocubu's Refrigeration  Ice            0%         4d7       100%        7


Dungeon Overview and Level Annotations

Branches:
Dungeon (4/15)            Ossuary (1/1)
 Temple: D:4-7

Altars:
Dithmenos
Hepliaklqana
Sif Muna
Xom

Shops:
D:1 [


Innate Abilities, Weirdness & Mutations

You sometimes gain power by taking damage.
Spells you cast may paralyse adjacent enemies.
You have a small tail.
You have sharp toenails.
Your mind is acute. (Int +4, Str/Dex -1)


Message History

You barely miss the bullfrog zombie.
Your tail-slap misses the bullfrog zombie.
The bullfrog zombie hits you but does no damage.
You hit the bullfrog zombie.
The bullfrog zombie is lightly damaged.
The bullfrog zombie barely misses you.
The bullfrog zombie hits you but does no damage.
You slash the bullfrog zombie!
The bullfrog zombie is heavily damaged.
The bullfrog zombie barely misses you.
A wyvern zombie comes into view.
You slash the bullfrog zombie!
The bullfrog zombie is almost destroyed.
The bullfrog zombie closely misses you. The bullfrog zombie hits you.
* * * LOW HITPOINT WARNING * * *
You take 5 damage, and have 9/56 hp.
You slash the bullfrog zombie!
You destroy the bullfrog zombie!
The bullfrog zombie hits you but does no damage.
A killer bee zombie comes into view.
You barely miss the bullfrog zombie. The bullfrog zombie hits you.
* * * LOW HITPOINT WARNING * * *
The bullfrog zombie barely misses you.
You take 4 damage, and have 6/57 hp.
You slash the bullfrog zombie!
The bullfrog zombie is moderately damaged.
The bullfrog zombie closely misses you.
You slash the bullfrog zombie! You tail-slap the bullfrog zombie!
You destroy the bullfrog zombie!
The killer bee zombie hits you.
* * * LOW HITPOINT WARNING * * *
You take 5 damage, and have 2/57 hp.
It was a potion of mutation.
You feel extremely strange.
Your toenails lengthen and sharpen.
You feel clever.
The killer bee zombie hits you but does no damage.
You block the killer bee zombie's attack.
It was a potion of flight.
You feel very buoyant.
You fly up into the air.
The killer bee zombie hits you.
You die...

# ###≈ P~P##
~.~###
~.~P~##
#####~~#~≈#
#...#~~.####
#.∩@ZZ~~~≈≈#
#∩..#..P#≈#≈#
#####~~~#
'~.P~≈
#~~#~#≈≈
#..P~~≈≈#
+~~#~#≈≈≈
#...# ##


You could see a wyvern zombie and a killer bee zombie.

Vanquished Creatures
  Duvessa (D:4)
  A black bear (D:4)
  A hornet zombie (Ossuary)
  An ogre (D:4)
  Dowan (D:4)
  3 bullfrog zombies (Ossuary)
  An orc priest (D:4)
  2 mummies (Ossuary)
  Jessica (D:3)
  An iguana (D:4)
  An orc wizard (D:4)
  2 adders
  3 gnolls (D:1)
  An ufetubus (D:4)
  2 worms (D:2)
  6 dart slugs
  4 orcs (D:4)
  6 bats
  4 endoplasms
  3 giant cockroaches
  5 goblins
  4 hobgoblins
  5 kobolds
  4 quokkas
  4 ball pythons
  A frilled lizard (D:3)
  6 rats
74 creatures vanquished.

Vanquished Creatures (others)
  6 withered plants (Ossuary)
6 creatures vanquished.

Grand Total: 80 creatures vanquished

Notes
Turn   | Place    | Note
-------+----------+-------------------------------------------
     0 | D:1      | Iich the Demonspawn Fighter began the quest for the Orb.
     0 | D:1      | Reached XP level 1. HP: 18/18 MP: 1/1
    47 | D:1      | Reached skill level 2 in Axes
   138 | D:1      | Found Cykkol's Armour Shoppe.
   177 | D:1      | Gained mutation: You have a small tail. [demonic ancestry]
   177 | D:1      | Reached XP level 2. HP: 24/24 MP: 2/2
   839 | D:1      | HP: 1/24 [gnoll/+0 club (4)]
   841 | D:1      | Reached XP level 3. HP: 2/29 MP: 3/3
  1157 | D:1      | Reached skill level 3 in Axes
  1319 | D:1      | Identified a scroll of acquirement
  1320 | D:1      | Acquired a manual of Axes
  1436 | D:2      | Gained mutation: Spells you cast may paralyse adjacent
                  | enemies. [demonic ancestry]
  1436 | D:2      | Reached XP level 4. HP: 31/37 MP: 4/4
  1571 | D:2      | Found a shimmering altar of Xom.
  1999 | D:3      | Reached skill level 4 in Axes
  2132 | D:3      | Found a hazy altar of Hepliaklqana.
  2133 | D:3      | Found a shadowy altar of Dithmenos.
  2133 | D:3      | Noticed a shadow
  2191 | D:3      | Noticed Jessica
  2203 | D:3      | Killed Jessica
  2285 | D:3      | Gained mutation: You sometimes gain a little power by
                  | taking damage. [demonic ancestry]
  2285 | D:3      | Reached XP level 5. HP: 42/42 MP: 5/5
  2394 | D:4      | Noticed Duvessa
  2394 | D:4      | Noticed Dowan
  2451 | D:4      | Noticed an ogre
  2645 | D:4      | Killed an ogre
  2646 | D:4      | Reached skill level 5 in Axes
  2699 | D:4      | Killed Dowan
  2700 | D:4      | Reached skill level 6 in Axes
  2700 | D:4      | Reached XP level 6. HP: 29/49 MP: 6/6
  2701 | D:4      | Killed Duvessa
  2826 | D:4      | Reached skill level 7 in Axes
  2840 | D:4      | Reached skill level 5 in Fighting
  2883 | D:4      | Gained mutation: You sometimes gain power by taking damage.
                  | [demonic ancestry]
  2883 | D:4      | Reached XP level 7. HP: 21/56 MP: 7/7
  2925 | D:4      | Found a shimmering blue altar of Sif Muna.
  3015 | D:4      | Found a sand-covered staircase.
  3023 | Ossuary  | Entered an ossuary
  3038 | Ossuary  | Reached skill level 8 in Axes
  3053 | Ossuary  | HP: 2/57 [killer bee zombie (5)]
  3054 | Ossuary  | Gained mutation: You have sharp toenails. [potion of
                  | mutation]
  3054 | Ossuary  | Gained mutation: Your mind is acute. (Int +4, Str/Dex -1)
                  | [potion of mutation]
  3055 | Ossuary  | Slain by a killer bee zombie

Illustrated notes

Levels and vault maps discovered:
D:1:      minmay_arrival_nine_rooms, layout_basic, serial_shops, shop
D:2:      layout_basic, basic_altar
D:3:      layout_rooms, riverfiend_overflow_shadow_ancestor, uniq_jessica
D:4:      minmay_evil_eye, layout_cave_pools, lemuel_blue_sif_altar,
          nicolae_ossuary_entry_plus, minmay_ogre_servants, uniq_duvessa
Ossuary:  ossuary_zaba_flooded

Skill      XL: |  1  2  3  4  5  6  7 |
---------------+----------------------+-----
Axes           | 2 3 4 6 7 8 |  8.8
Fighting       | 4 5 |  5.7
Armour         | |  2.6
Shields        | |  2.6

Action                     |  1- 3 |  4- 6 |  7- 9 || total
---------------------------+-------+-------+-------++-------
  Melee: War axe           |    79 |   126 |    25 ||   230
         Tailslap          |    10 |    12 |     4 ||    26
    Use: Scroll            |     3 |     3 |       ||     6
         Potion            |       |     6 |     2 ||     8
 Armour: Scale mail        |    38 |    89 |     7 ||   134
         Skin              |       |    12 |       ||    12
  Dodge: Dodged            |    27 |    55 |    12 ||    94
  Block: Buckler           |    24 |    34 |     5 ||    63

Table legend: (Time is in decaauts)
 A = Elapsed time spent in this place.
 B = Non-inter-level travel time spent in this place.
 C = Inter-level travel time spent in this place.
 D = Time resting spent in this place.
 E = Time spent auto-exploring this place.
 F = Levels seen in this place.
 G = Mean time per level.
                   A        B        C        D        E       F      G
               +--------+--------+--------+--------+--------+-----+--------+
         Total |   3136 |   3083 |     53 |    564 |   1506 |   5 |  627.2 |
       Dungeon |   3099 |   3046 |     53 |    564 |   1506 |   4 |  774.8 |
       Ossuary |     36 |     36 |      0 |      0 |      0 |   1 |   36.0 |
               +--------+--------+--------+--------+--------+-----+--------+

Top non-repeatable levels by time:
     D:1: 1307 daAuts
     D:2: 709 daAuts
     D:3: 573 daAuts
     D:4: 509 daAuts
 Ossuary: 36 daAuts
